 Dungeon Crawl Stone Soup version 0.26.0-16-gc1dbca0489 (webtiles) character file.

Game seed: 3480524934382235398

1362 hawla the Magician (level 8, -1/59 HPs)
             Began as a Purple Draconian Conjurer on Jan 21, 2021.
             Was an Initiate of Gozag.
             Slain by an orc
             ... wielding a +0 flail
              (4 damage)
             ... on level 5 of the Dungeon.
             The game lasted 00:13:09 (5891 turns).

hawla the Magician (Purple Draconian Conjurer)      Turns: 5891, Time: 00:13:09

Health: -1/59      AC:  7    Str: 15    XL:     8   Next: 37%
Magic:  20/20      EV:  9    Int: 21    God:    Gozag
Gold:   527        SH:  0    Dex: 10    Spells: 11/21 levels left

rFire    . . .     SeeInvis .   f - +1 whip (venom)
rCold    . . .     Faith    .   (no shield)
rNeg     . . .     Spirit   .   (armour unavailable)
rPois    +         Reflect  .   (helmet restricted)
rElec    .         Harm     .   (no cloak)
rCorr    .         Rampage  .   q - +0 pair of gloves
Will     +....                  (no boots)
Stlth    ++........             (no amulet)
HPRegen  0.19/turn              c - +6 ring of strength
MPRegen  0.17/turn              (no ring)

@: gold aura, constricted
A: breathe power, unfitting armour, high mp 1, poison resistance, cold-blooded,
AC +6
a: Breathe Dispelling Energy, Renounce Religion, Potion Petition, Call Merchant,
Bribe Branch


You were on level 5 of the Dungeon.
You worshipped Gozag.
Gozag was pleased with you.
You visited 1 branch of the dungeon, and saw 5 of its levels.

You collected 582 gold pieces.
You paid 55 gold pieces to Gozag.

Inventory:

Hand Weapons
 f - a +1 whip of venom (weapon)
Missiles
 j - 6 boomerangs (quivered)
Armour
 q - a +0 pair of gloves (worn)
Jewellery
 c - a +6 ring of strength (left hand)
Wands
 h - a wand of acid (11)
Scrolls
 e - 8 scrolls of remove curse
 k - a scroll of magic mapping
 l - 2 scrolls of immolation {unknown}
 m - 4 scrolls of enchant weapon
 n - 2 scrolls of amnesia
 o - 3 scrolls of identify
Potions
 a - a potion of berserk rage
 b - a potion of mutation
 d - a potion of flight
 g - 2 potions of ambrosia
 i - 2 potions of might
 p - a potion of lignification


   Skills:
 - Level 1.0 Fighting
 - Level 1.0 Throwing
 - Level 2.0 Dodging
 - Level 2.0 Stealth
 + Level 7.3 Spellcasting
 - Level 6.6 Conjurations
 - Level 1.0 Hexes
 - Level 4.9 Translocations
 - Level 2.0 Evocations


You had 11 spell levels left.
You knew the following spells:

 Your Spells              Type           Power        Failure   Level
a - Magic Dart            Conj           100%         1%          1
b - Searing Ray           Conj           70%          1%          2
c - Iskenderun's Mystic   Conj/Tloc      32%          8%          4
d - Dazzling Flash        Conj/Hex       46%          5%          3

Your spell library contained the following spells:

 Spells                   Type           Power        Failure   Level
 Fulminant Prism          Conj/Hex       11%          19%         4


Dungeon Overview and Level Annotations

Branches:
Dungeon (5/15)
 Temple: D:4-7

Altars:
Dithmenos
Gozag
Qazlal
The Shining One


Innate Abilities, Weirdness & Mutations

You can breathe bolts of dispelling energy.
Your rich purple scales are hard. (AC +6)
You cannot fit into any form of body armour.
You are cold-blooded and may be slowed by cold attacks.
You have an increased reservoir of magic. (+10% MP)
Your system is resistant to poisons. (rPois)


Message History

You completely miss the orc. The hound barely misses you.
The orc priest hits you with a +0 war axe!
The orc closely misses you. The orc hits you with a +0 mace!
The orc barely misses you. The hound closely misses you.
You hit the orc priest.
The orc priest is severely wounded.
The ball python bites you. The ball python grabs you.
The ball python constricts you.
The hound pauses to sniff the ground.
The hound closely misses you.
The orc priest mumbles some strange prayers to Beogh against you.
Beogh smites you!
* * * LOW HITPOINT WARNING * * *
The orc hits you but does no damage. The orc hits you with a +0 mace!
* * * LOW HITPOINT WARNING * * *
The ball python bites you but does no damage.
* * * LOW HITPOINT WARNING * * *
The ball python constricts you. The orc hits you with a +0 flail.
You die...
Your body crumbles into a pile of gold.

#........##'##......
#.[......#...##########
#........#.............
#........#............#
#........#............#
#........#.......(....#
#........+............#
+#....S...######.......#
......o@o......#.......#
......hoo......#.......#
...............#.......#
..............$#.......#
...............+......>#
...............#........
...............#........
...............#........
#........


You could see a hound, an orc priest (poisoned), 3 orcs and a ball python.

Vanquished Creatures
  Pikel (D:4)
  Eustachio (D:4)
  An orc warrior (D:3)
  An ogre (D:5)
  A crimson imp (D:5)
  A bullfrog zombie (D:5)
  6 orc priests
  A bullfrog skeleton (D:4)
  A hound (D:4)
  3 orc wizards (D:4)
  Ijyb (D:4)
  A worker ant (D:4)
  Robin (D:2)
  7 adders
  An adder skeleton (D:4)
  2 worms
  A dart slug (D:1)
  3 leopard geckos
  21 orcs
  A ball python (D:4)
  4 bats
  3 giant cockroaches
  6 hobgoblins
  2 jackals (D:1)
  5 frilled lizards
  9 goblins
  A goblin skeleton (D:5)
  2 hobgoblin zombies (D:5)
  6 kobolds
  A kobold zombie (D:5)
  2 orc skeletons (D:5)
  3 orc zombies (D:5)
  A quokka skeleton (D:4)
  6 rats
107 creatures vanquished.

Vanquished Creatures (others)
  A plant (D:1)
1 creature vanquished.

Grand Total: 108 creatures vanquished

Notes
Turn   | Place    | Note
-------+----------+-------------------------------------------
     0 | D:1      | hawla the Draconian Conjurer began the quest for the Orb.
     0 | D:1      | Reached XP level 1. HP: 14/14 MP: 3/3
   196 | D:1      | Reached skill level 1 in Fighting
   196 | D:1      | Reached XP level 2. HP: 23/23 MP: 3/5
   199 | D:1      | Learned a level 2 spell: Searing Ray
  1192 | D:2      | Found a faded altar of an unknown god.
  1239 | D:2      | Gained mutation: Your system is resistant to poisons.
                  | (rPois) [potion of mutation]
  1239 | D:2      | Gained mutation: You have an increased reservoir of magic.
                  | (+10% MP) [potion of mutation]
  1242 | D:2      | Reached skill level 3 in Spellcasting
  1242 | D:2      | Reached XP level 3. HP: 12/28 MP: 1/8
  1562 | D:2      | Noticed Robin
  1581 | D:2      | Killed Robin
  2455 | D:3      | Reached XP level 4. HP: 35/35 MP: 4/10
  2460 | D:3      | Learned a level 4 spell: Iskenderun's Mystic Blast
  2621 | D:3      | Reached skill level 1 in Translocations
  2842 | D:3      | Reached XP level 5. HP: 38/40 MP: 1/12
  3177 | D:3      | Found an opulent altar of Gozag.
  3185 | D:3      | Noticed an orc warrior
  3199 | D:3      | Reached skill level 4 in Spellcasting
  3227 | D:3      | Killed an orc warrior
  3415 | D:3      | Became a worshipper of Gozag Ym Sagoz the Greedy
  3585 | D:3      | Reached XP level 6. HP: 47/47 MP: 10/13
  3937 | D:4      | Reached skill level 5 in Conjurations
  4122 | D:4      | Noticed Ijyb
  4128 | D:4      | Killed Ijyb
  4520 | D:4      | Noticed Pikel
  4531 | D:4      | Killed Pikel
  4532 | D:4      | Reached skill level 1 in Throwing
  4532 | D:4      | Reached skill level 1 in Evocations
  4532 | D:4      | Your scales start taking on a rich purple colour.
  4532 | D:4      | Reached skill level 5 in Spellcasting
  4532 | D:4      | Reached XP level 7. HP: 42/52 MP: 0/17
  4573 | D:4      | Found a shadowy altar of Dithmenos.
  5142 | D:4      | Noticed Eustachio
  5152 | D:4      | Killed Eustachio
  5153 | D:4      | Reached skill level 6 in Spellcasting
  5153 | D:4      | Reached XP level 8. HP: 40/59 MP: 6/18
  5275 | D:4      | Found a stormy altar of Qazlal.
  5349 | D:4      | Learned a level 3 spell: Dazzling Flash
  5359 | D:5      | Entered Level 5 of the Dungeon
  5365 | D:5      | Reached skill level 1 in Hexes
  5528 | D:5      | Found a glowing golden altar of the Shining One.
  5777 | D:5      | Reached skill level 7 in Spellcasting
  5891 | D:5      | Slain by an orc

Illustrated notes

Levels and vault maps discovered:
D:1:      elethiomel_arrival_shortcut, layout_basic, serial_bayou,
          serial_bayou_shore_a, serial_bayou_crossing, serial_bayou_ford_a,
          serial_bayou_pond_c, minivault_14
D:2:      layout_loops_ring, chequers_ecumenical_altar_lobes,
          hangedman_glass_teeth, uniq_robin
D:3:      layout_loops_corners, grunt_gozag_statues
D:4:      layout_basic, grunt_dithmenos_smoke, nicolae_qazlal_eye_of_the_storm,
          uniq_eustachio, uniq_ijyb, uniq_pikel
D:5:      layout_gridville, nicolae_tso_besieged_by_evil

Skill      XL: |  1  2  3  4  5  6  7  8 |
---------------+-------------------------+-----
Dodging        | 2 |  2.0
Stealth        | 2 |  2.0
Fighting       | 1 |  1.0
Spellcasting   | 3 4 5 6 7 |  7.3
Translocations | 1 2 4 |  4.9
Conjurations   | 6 |  6.6
Throwing       | 1 |  1.0
Evocations     | 2 |  2.0
Hexes          | 1 |  1.0

Action                   |  1- 3 |  4- 6 |  7- 9 || total
-------------------------+-------+-------+-------++-------
Melee: Unarmed           |     8 |       |       ||     8
       Tailslap          |     4 |       |     1 ||     5
       Short sword       |    30 |     5 |       ||    35
       Whip              |       |     2 |    25 ||    27
 Cast: Magic Dart        |    31 |    23 |    24 ||    78
       Searing Ray       |    12 |    25 |    15 ||    52
       Iskenderun's Myst |       |     2 |     4 ||     6
Evoke: Wand              |       |     1 |       ||     1
  Use: Scroll            |     7 |     1 |       ||     8
       Potion            |     2 |     5 |       ||     7
Armor: Skin              |    11 |    10 |    22 ||    43
Dodge: Dodged            |    31 |    23 |    49 ||   103
